Map: Dusk Towers

Players

Kenaya

  • Race: Zerg Zerg
  • League: Master

Miszu - Winner!

  • Race: Terran Terran
  • League: Master

VOD

Have the link to the VOD?

Description

Time

  • Played on: May 10, 2016, 8:04 a.m.
  • Length: 9:42
Show
View Real Time Build Order
Export as new Build Order

Kenaya Zerg 

Build Orders: Hatch First 

Get SALT Encoding   

  12  0:01  Drone  
  13  0:12  Overlord  
  13  0:18  Drone  
  14  0:31  Drone x2  
  14  0:35  Drone  
  17  0:52  Hatchery  
  17  0:55  Drone  
  17  0:58  Drone  
  17  1:01  Extractor  
  17  1:13  Spawning Pool  
  17  1:15  Drone  
  17  1:20  Drone  
  18  1:28  Drone  
  19  1:41  Overlord  
  19  2:00  Queen  
  22  2:01  Zergling x4  
  22  2:02  Metabolic Boost  
  22  2:04  Queen  
  25  2:10  Drone  
  25  2:11  Drone  
  25  2:15  Drone  
  28  2:21  Drone  
  29  2:25  Drone  
  30  2:33  Drone  
  31  2:40  Lair  
  31  2:41  Queen  
  33  2:49  Overlord  
  33  2:50  Drone  
  34  2:53  Drone  
  34  2:57  Extractor, Drone  
  35  2:58  Drone  
  36  3:09  Drone x3  
  36  3:10  Drone  
  40  3:13  Overlord  
  40  3:16  Drone  
  40  3:18  Drone  
  42  3:23  Drone x2  
  44  3:33  Extractor  
  44  3:34  Extractor  
  42  3:46  Drone x5  
  42  3:47  Drone x5  
  52  3:54  Spire  
  52  3:55  Drone  
  51  4:00  Overlord  
  51  4:01  Drone  
  52  4:08  Overlord  
  52  4:10  Overlord  
  52  4:17  Roach Warren  
  51  4:24  Hatchery  
  49  4:33  Zergling x10  
  49  4:36  Zergling x4  
  56  4:50  Zergling x6  
  59  5:07  Mutalisk x6  
  59  5:08  Mutalisk  
  73  5:16  Overseer  
  73  5:18  Mutalisk  
  75  5:22  Overlord x2  
  75  5:28  Drone  
  75  5:31  Glial Reconstitution  
  76  5:44  Overlord x2  
  76  5:45  Roach x2  
  76  5:46  Hatchery  
  79  5:52  Roach x2  
  81  6:11  Roach x6  
  89  6:28  Roach x3  
  89  6:29  Roach x2  
  89  6:30  Overlord x3  
  99  6:38  Ravager  
  100  6:44  Overlord  
  100  6:45  Overlord x3  
  100  6:52  Ravager x5  
  100  6:54  Zergling x4, Roach  
  108  6:59  Roach x2  
  113  7:02  Roach  
  113  7:03  Roach  
  117  7:08  Roach  
  117  7:09  Roach  
  117  7:11  Roach  
  125  7:15  Roach  
  125  7:17  Roach  
  127  7:23  Roach  
  127  7:24  Roach x2  
  127  7:25  Zergling x6  
  127  7:26  Zergling x2  
  137  7:33  Overlord  
  105  7:46  Roach  
  105  7:47  Roach x7  
  105  7:50  Ravager  
  120  7:52  Zergling x2  
  120  7:53  Zergling x4  
  120  7:56  Drone x4  
  120  7:58  Drone  
  128  8:02  Drone  
  128  8:03  Drone  
  130  8:11  Drone x4  
  107  8:16  Extractor  
  107  8:19  Drone x2  
  104  8:21  Drone  
  104  8:25  Drone x2, Evolution Chamber  
  104  8:26  Spore Crawler  
  102  8:27  Evolution Chamber  
  102  8:31  Drone x3  
  102  8:32  Drone  
  105  8:34  Overseer  
  105  8:36  Drone x3  
  105  8:37  Drone  
  105  8:38  Drone  
  110  8:43  Extractor  
  109  8:59  Hydralisk Den  
  108  9:09  Ravager  
  111  9:11  Ravager x4  
  111  9:12  Ravager  
Show
View Real Time Build Order
Export as new Build Order

Miszu Terran - Winner!

Build Orders: Reaper Expand, Hellion Banshee 

Get SALT Encoding   

  12  0:00  SCV  
  13  0:13  SCV  
  14  0:17  Supply Depot  
  14  0:25  SCV  
  15  0:39  SCV  
  15  0:41  Barracks  
  16  0:43  Refinery  
  16  0:51  SCV  
  17  1:03  SCV  
  18  1:15  SCV  
  19  1:27  Orbital Command  
  19  1:28  Reaper  
  20  1:43  Command Center  
  20  1:53  SCV  
  21  1:58  Supply Depot  
  21  2:00  Marine  
  22  2:05  SCV  
  23  2:11  Factory  
  23  2:19  SCV  
  23  2:20  Barracks Reactor  
  24  2:32  SCV  
  25  2:44  Refinery, SCV  
  26  2:55  Orbital Command  
  26  2:56  SCV  
  27  3:08  Starport, SCV  
  27  3:12  Hellion x2  
  32  3:13  Barracks Tech Lab  
  32  3:20  SCV  
  32  3:21  SCV  
  34  3:32  SCV  
  34  3:33  SCV  
  34  3:34  Hellion x2  
  39  3:37  Supply Depot  
  39  3:40  Barracks Reactor  
  39  3:44  SCV  
  39  3:45  SCV  
  41  3:55  Hellion x2  
  45  3:56  SCV  
  45  3:58  Banshee  
  45  4:00  SCV  
  50  4:06  Command Center  
  50  4:08  SCV  
  50  4:09  Armory  
  51  4:12  SCV  
  52  4:21  SCV  
  52  4:23  Supply Depot  
  52  4:24  Refinery x2, SCV  
  53  4:25  Supply Depot  
  54  4:33  Liberator x2  
  54  4:45  Hellion x2, SCV x2  
  60  4:48  Engineering Bay  
  66  4:54  Supply Depot  
  66  4:57  SCV x2  
  66  4:59  Hellion x6  
  68  5:09  SCV x2  
  68  5:13  Supply Depot  
  70  5:16  Liberator x2  
  70  5:21  SCV x2  
  72  5:24  Orbital Command  
  72  5:26  Missile Turret  
  72  5:30  Missile Turret x2  
  72  5:33  SCV  
  79  5:39  SCV  
  80  5:45  SCV  
  80  5:47  Starport  
  80  5:48  Starport  
  81  5:50  Supply Depot  
  81  5:53  SCV  
  82  5:57  SCV  
  82  5:58  Liberator  
  82  5:59  Liberator  
  82  6:05  SCV  
  82  6:06  Missile Turret  
  82  6:09  SCV  
  84  6:13  Refinery  
  84  6:14  Missile Turret  
  90  6:20  Orbital Command  
  90  6:26  Starport Tech Lab  
  90  6:28  Hellion x2, SCV x2  
  90  6:32  Supply Depot  
  96  6:35  Supply Depot  
  96  6:37  Refinery  
  96  6:40  Terran Ship Weapons Level 1, SCV  
  96  6:41  SCV, Liberator  
  96  6:45  SCV  
  99  6:49  Banshee x2  
  99  6:51  Liberator  
  99  6:53  SCV  
  106  6:56  SCV  
  106  6:58  SCV, Missile Turret  
  106  7:01  Missile Turret  
  111  7:05  SCV  
  111  7:07  Fusion Core  
  112  7:09  SCV  
  112  7:10  SCV  
  112  7:14  Supply Depot  
  117  7:17  Supply Depot, SCV  
  118  7:26  Hellion x2  
  118  7:27  SCV  
  123  7:31  Liberator  
  123  7:33  Cloaking Field  
  123  7:35  Banshee x2  
  129  7:38  Supply Depot  
  129  7:40  Supply Depot  
  118  7:50  Hellion  
  118  7:51  Hellion, SCV x2  
  125  7:58  Liberator, SCV  
  126  8:00  Hyperflight Rotors  
  120  8:17  Liberator  
  123  8:23  Banshee  
  123  8:24  Banshee  
  129  8:28  Command Center  
  129  8:29  Supply Depot, Starport x2  
  129  8:31  Supply Depot  
  132  8:52  Supply Depot  
  132  8:53  Supply Depot  
  132  8:54  Command Center  
  134  8:57  Hellion  
  134  8:58  Hellion  
  138  9:18  Hellion  
  138  9:20  Hellion  
  127  9:30  Starport Tech Lab  
  127  9:31  Starport Tech Lab  
Tags
 
Add a new tag
Caveats
  • Supply blocks, unpowered buildings, or Contaminate may cause inaccurate times.
  • Supply counts are checked every 10 seconds.